 Dungeon Crawl Stone Soup version 0.20.0-15-g7f486f2 (webtiles) character file.

35 buf2 the Sneak (level 3, -4/39 HPs)
             Began as a Human Wanderer on June 22, 2017.
             Killed from afar by an orc wizard (10 damage)
             ... with a puff of flame
             ... on level 3 of the Dungeon.
             The game lasted 00:09:00 (1006 turns).

buf2 the Sneak (Human Wanderer)                     Turns: 1006, Time: 00:09:00

Health: -4/39      AC: 21    Str: 13    XL:     3   Next: 55%
Magic:  3/3        EV:  2    Int: 10    God:
Gold:   103        SH:  0    Dex: 14    Spells: 2/2 levels left

rFire    . . .     SeeInvis .   a - +2 mace (protect)
rCold    . . .     Gourm    .   (no shield)
rNeg     + + +     Faith    .   (armour currently unavailable)
rPois    +         Spirit   .   (helmet currently unavailable)
rElec    .         Reflect  .   (cloak currently unavailable)
rCorr    .         Harm     .   (gloves currently unavailable)
MR       .....     NoTele   +   (boots currently unavailable)
Stlth    +++.......             (no amulet)
Regen    0.2/turn               (no ring)
MPRegen  0.1/turn               (no ring)

@: tree-form
A: no striking features
a: no special abilities


You were on level 3 of the Dungeon.
You were not hungry.
You were a tree.
You visited 1 branch of the dungeon, and saw 3 of its levels.

You collected 103 gold pieces.

Inventory:

Hand Weapons
 a - a +2 mace of protection (weapon)
 e - a +0 dagger
 j - a +2 short sword
 l - a +0 long sword
Missiles
 g - 29 stones (quivered)
 n - 45 arrows
Armour
 d - a +0 robe
 q - a +0 ring mail (melded)
Scrolls
 h - a scroll of identify
 o - a scroll of immolation
Potions
 c - a potion of invisibility {unknown}
 m - a potion of mutation {unknown}
Comestibles
 f - 3 bread rations
 i - a meat ration
 k - 2 royal jellies


   Skills:
 + Level 1.2 Fighting
 + Level 3.5 Short Blades
   Level 1.0 Staves
 + Level 0.2 Armour
 + Level 0.6 Dodging
 + Level 4.5 Stealth
   Level 1.0 Evocations


You had 2 spell levels left.
You didn't know any spells.

Dungeon Overview and Level Annotations

Branches:
Dungeon (3/15)

Altars:
Gozag
Hepliaklqana


Message History

The orc wizard hits you but does no damage.
The orc wizard gestures wildly while chanting.
The orc wizard flickers and vanishes!
Deactivating autopickup; reactivate with Ctrl-A.
The orc throws a tomahawk.
The tomahawk hits you but does no damage.
You closely miss something. Something hits you but does no damage.
The orc throws a tomahawk.
The tomahawk hits you but does no damage.
Something hits you but does no damage.
You hear some strange, mumbled words.
A puff of flame appears from out of thin air!
The puff of flame hits you!
* * * LOW HITPOINT WARNING * * *
You turn into a tree.
Your +0 ring mail melds into your body.
Your roots penetrate the ground.
You hear some strange, mumbled words.
A puff of flame appears from out of thin air!
The puff of flame hits you!
You die... ... ... ... #.### ##.#. go.

#{# #♣# #.#
######.####
#.........#
####.#.####.##.#
#......<....# #
#)##.#.###.(# #.
#...# #. #......


You could see an orc and a hobgoblin.

Vanquished Creatures
  An adder (D:2)
  A dart slug (D:3)
  An orc (D:3)
  3 bats
  A giant cockroach (D:1)
  8 goblins
  A hobgoblin (D:1)
  A quokka (D:2)
  A frilled lizard (D:1)
  2 kobolds
  A rat (D:2)
21 creatures vanquished.

Vanquished Creatures (others)
  A minotaur (D:1)
  An octopode (D:1)
  A gargoyle (D:1)
  2 elves (D:1)
  A troll (D:1)
  2 vampires (D:1)
  A human (D:1)
  A dwarf (D:1)
  2 kobolds (D:1)
  4 tentacles (D:1)
16 creatures vanquished.

Grand Total: 37 creatures vanquished

Notes
Turn   | Place    | Note
-------+----------+-------------------------------------------
     0 | D:1      | buf2 the Human Wanderer began the quest for the Orb.
     0 | D:1      | buf2 set off with: a +2 short sword, a potion of lignification, a scroll of teleportation, a +0 robe, a +0 dagger, a bread ration
     0 | D:1      | Reached XP level 1. HP: 15/15 MP: 1/1
     0 | D:1      | Noticed a human
     0 | D:1      | Noticed a dwarf
     0 | D:1      | Noticed a gargoyle
     0 | D:1      | Noticed a kraken
     0 | D:1      | Noticed a troll
     0 | D:1      | Noticed a vampire
     0 | D:1      | Noticed a vampire
     0 | D:1      | Noticed an elf
     0 | D:1      | Noticed an octopode
     0 | D:1      | Noticed an elf
     0 | D:1      | Noticed a minotaur
     3 | D:1      | Killed a human
     4 | D:1      | Killed a dwarf
     4 | D:1      | Killed a gargoyle
     5 | D:1      | Killed a troll
     6 | D:1      | Killed a vampire
     8 | D:1      | Killed a vampire
     8 | D:1      | Killed a minotaur
     8 | D:1      | Killed an octopode
     9 | D:1      | Killed an elf
    10 | D:1      | Killed an elf
   160 | D:1      | Reached XP level 2. HP: 13/21 MP: 2/2
   826 | D:2      | Reached XP level 3. HP: 26/26 MP: 3/3
   949 | D:2      | Found an opulent altar of Gozag.
   951 | D:2      | Found a hazy altar of Hepliaklqana.
  1006 | D:3      | Killed from afar by an orc wizard

Action                   || total
-------------------------++-------
Melee: Short sword       ||    24
       Mace              ||    42
Throw: Stone             ||     2
  Use: Scroll            ||     5
       Potion            ||     2
 Stab: Sleeping          ||     3
Armor: Robe              ||     7
       Ring mail         ||    32
Dodge: Dodged            ||    37
